AoeStats
← Eclipse

Arena

509431278Analyzed
2v2 RM · 6d ago on Sep 26, 2026· 50m 15s· 4 players
Game mode
Random Map
Map size
Medium (4 player)
Population
200
Speed
Normal
Resources
Standard
Victory
Conquest
Starting age
Dark Age
Ending age
Imperial Age
RankedLock teamsTeams togetherTeam positionsShared explorationLock speedFull tech treeHidden civsTurbo modeCheats
Victory
Defeat
🇷🇴 Danes · Romania
1038
+10
🇷🇴 Khmer · Romania
843
+27
🇸🇪 Turks · Sweden
907
-14
🇸🇪 Goths · Sweden
898
-14
stahl_mannen
9:11 Feudal Age
9:42 Horse Collar
9:50 Double-Bit Axe
16:51 Castle Age
18:37 Loom
24:33 Imperial Age
32:39 Imperial Age
exopeN
11:06 Feudal Age
15:32 Castle Age
15:45 Double-Bit Axe
20:38 Loom
21:53 Horse Collar
23:45 Heavy Plow
26:03 Anarchy
26:23 Forging
29:06 Scale Mail Armor
31:28 Iron Casting
33:38 Wheelbarrow
33:44 Squires
37:16 Town Watch
39:11 Gold Mining
41:13 Chain Mail Armor
45:39 Imperial Age
46:15 Bow Saw
46:55 Conscription
47:47 Elite Huskarl
dani
9:41 Feudal Age
8:41 Loom
14:52 Castle Age
16:29 Forging
18:36 Arson
19:09 Scale Mail Armor
20:59 Double-Bit Axe
26:30 Horse Collar
28:06 Heavy Plow
27:57 Gold Mining
29:20 Iron Casting
30:42 Squires
30:29 Gambesons
36:08 Chain Mail Armor
41:06 Imperial Age
38:08 Pikeman
38:18 Man-at-Arms
40:12 Wheelbarrow
39:22 Town Watch
39:18 Long Swordsman
41:19 Two-Handed Swordsman
42:10 Elite Jomsviking
44:39 Blast Furnace
43:47 Champion
45:49 Conscription
48:17 Elite Varangian Guard
Eclipse
5:50 Loom
8:49 Feudal Age
11:54 Double-Bit Axe
11:59 Horse Collar
16:21 Gold Mining
16:21 Stone Mining
17:06 Stone Mining
18:16 Wheelbarrow
21:50 Castle Age
22:34 Scale Mail Armor
22:40 Scale Barding Armor
22:48 Bow Saw
22:46 Heavy Plow
23:25 Wheelbarrow
24:19 Scale Mail Armor
24:39 Husbandry
24:49 Bloodlines
25:35 Forging
31:41 Imperial Age
30:24 Gold Shaft Mining
33:01 Heavy Scorpion
34:15 Conscription
37:24 Double Crossbow
38:58 Stone Shaft Mining
38:40 Caravan
39:11 Coinage
38:37 Fletching
39:04 Chain Mail Armor
41:21 Chemistry
41:39 Ballistics
41:55 Pikeman
42:05 Elite Battle Elephant
44:21 Sappers
45:14 Siege Engineers
Connection lost

Rejoining the realm…

Still unreachable

The connection could not be restored.

Session expired

The server has moved on; the page needs a fresh start.